 Dungeon Crawl Stone Soup version 0.27.1-34-g3ba077fa99 (webtiles) character file.

Game seed: 1299906423767995887

3 Descartes the Grasshopper (level 1, 0/10 HPs)
             Began as a Spriggan Warper on Jan 9, 2022.
             Killed from afar by a dart slug (4 damage)
             ... with a slug dart
             ... on level 1 of the Dungeon.
             The game lasted 00:00:46 (107 turns).

Descartes the Grasshopper (Spriggan Warper)          Turns: 107, Time: 00:00:48

Health: 0/10       AC:  2    Str:  7    XL:     1   Next: 41%
Magic:  5/5        EV: 17    Int: 14    God:
Gold:   0          SH:  0    Dex: 14    Spells: 5/5 levels left

rFire    . . .     SeeInvis +   a - +0 short sword
rCold    . . .     Faith    .   (shield restricted)
rNeg     . . .     Spirit   .   b - +0 robe
rPois    .         Reflect  .   (helmet restricted)
rElec    .         Harm     .   (no cloak)
rCorr    .         Rampage  .   (gloves unavailable)
Will     .....                  (boots unavailable)
Stlth    +.........             (no amulet)
HPRegen  0.03/turn              (no ring)
MPRegen  0.09/turn              (no ring)

@: very quick
A: very small, no large weapons, unfitting armour, see invisible, speed 3
a: no special abilities


You were on level 1 of the Dungeon.
You visited 1 branch of the dungeon, and saw 1 of its levels.

Inventory:

Hand Weapons
 a - a +0 short sword (weapon)
Missiles
 d - 5 boomerangs of dispersal (quivered)
Armour
 b - a +0 robe (worn)
Scrolls
 c - a scroll of blinking


   Skills:
 + Level 1.5 Fighting
 + Level 2.2 Short Blades
 + Level 1.0 Throwing
 + Level 3.2 Dodging
 + Level 2.8 Spellcasting
 + Level 4.5 Translocations


You had 5 spell levels left.
You didn't know any spells.
Your spell library contained the following spells:

 Spells                   Type           Power      Damage    Failure   Level
 Blink                    Tloc           N/A        N/A       4%          2
 Gell's Gravitas          Tloc           7%         N/A       10%         3
 Lesser Beckoning         Tloc           7%         N/A       10%         3
 Teleport Other           Tloc           14%        N/A       10%         3
 Manifold Assault         Tloc           14%        N/A       67%         5


Dungeon Overview and Level Annotations

Branches:
Dungeon (1/15)

Altars:


Innate Abilities, Weirdness & Mutations

You are very small and have problems with some larger weapons.
You are too small for most types of armour.
You have supernaturally acute eyesight. (SInv)
You cover ground extremely quickly. (Speed+++)


Message History

The endoplasm hits you.
You hit the endoplasm.
You kill the endoplasm!
The bat closely misses you. The bat hits you but does no damage.
The bat closely misses you. The hobgoblin hits you.
You hit the hobgoblin.
You kill the hobgoblin!
The bat completely misses you. The bat hits you but does no damage.
You hit the bat.
The bat is moderately wounded.
The bat closely misses you. x2
The bat hits you but does no damage.
You closely miss the bat.
The bat is moderately wounded.
The bat misses you. x2
You hit the dart slug.
The dart slug is moderately wounded.
The bat closely misses you. The bat hits you but does no damage.
You completely miss the dart slug.
The dart slug is moderately wounded.
The bat completely misses you. The bat misses you.
The dart slug launches a dart at you. The slug dart hits you.
You are too injured to fight recklessly!
You are too injured to fight recklessly!
You are too injured to fight recklessly!
You are too injured to fight recklessly!
You are too injured to fight recklessly!
You are too injured to fight recklessly!
You are too injured to fight recklessly!
You are too injured to fight recklessly!
The bat hits you but does no damage. The bat closely misses you.
The bat misses you.
You closely miss the bat.
The bat is moderately wounded.
The bat barely misses you. The bat completely misses you.
The bat barely misses you. The dart slug launches a dart at you.
The slug dart hits you.
You die...

...............#
##.8.......8.###
####.8.8.####
######.###
..........#
..........#
.........##
.........#######
....####@......#
......##.b......
.......w..b.....
...............
....?..........
...............
..(............
......#........
...............


You could see a dart slug and 2 bats.

Vanquished Creatures
  An endoplasm (D:1)
  A hobgoblin (D:1)
  A bat (D:1)
3 creatures vanquished.

Notes
Turn   | Place    | Note
-------+----------+-------------------------------------------
     0 | D:1      | Descartes the Spriggan Warper began the quest for the Orb.
     0 | D:1      | Reached XP level 1. HP: 10/10 MP: 5/5
     6 | D:1      | Noticed a salamander
     6 | D:1      | Noticed a hound
     6 | D:1      | Noticed an iguana
     7 | D:1      | Noticed a redback
     7 | D:1      | Noticed a lindwurm
   107 | D:1      | Killed from afar by a dart slug

Illustrated notes

Levels and vault maps discovered:
D:1:      onia_arrival_zoo_common, layout_rooms, serial_shops,
          nicolae_shop_overgrown_old_shop, minivault_23, minmay_tromino_v2

Action                   || total
-------------------------++-------
Melee: Short sword       ||    20
Armor: Robe              ||    12
Dodge: Dodged            ||    39
